 Dungeon Sprint DCSS version 0.22.0-27-ga576289601 (webtiles) character file.

2846 Freyura the Unseen (level 9, -4/50 HPs)
             Began as a Vine Stalker Assassin on Aug 22, 2018.
             Was the Champion of Jiyva.
             Slain by a demonic crawler (5 damage)
             ... in the Dungeon (Sprint I: "Red Sonja").
             The game lasted 00:16:22 (727 turns).

Freyura the Unseen (Vine Stalker Assassin)           Turns: 727, Time: 00:16:22

Health: -4/50      AC:  5    Str: 12    XL:     9   Next: 74%
Magic:  0/10       EV: 13    Int: 11    God:    Jiyva [******]
Gold:   54         SH:  4    Dex: 21    Spells: 8/8 levels left

rFire    . . .     SeeInvis .   b - +0 blowgun
rCold    . . .     Gourm    .   (no shield)
rNeg     . . .     Faith    .   c - +0 robe
rPois    .         Spirit   +   (no helmet)
rElec    .         Reflect  .   d - +0 cloak
rCorr    +         Harm     .   (no gloves)
MR       +....     NoTele   +   (no boots)
Stlth    ++++++++..             (no amulet)
HPRegen  0.56/turn              (no ring)
MPRegen  0.12/turn              (no ring)

@: hasted, very quick
A: fangs 3, large bone plates 1, slimy green scales 2, mutation resistance 1,
sense surroundings 1, regeneration 1, eyeballs 1, pseudopods 1, magic shield,
antimagic bite, no potion heal 3, rot immunity
a: Request Jelly, Slimify, Cure Bad Mutation, Renounce Religion


You were in the Dungeon.
You worshipped Jiyva.
Jiyva was exalted by your worship.
You were completely stuffed.

You visited 1 branch You collected 54 gold pieces.

Inventory:

Hand Weapons
 a - a +2 dagger
 b - a +0 blowgun (weapon)
 p - a +0 dagger of venom
Missiles
 e - 7 poisoned needles
 f - 3 curare-tipped needles (quivered)
Armour
 c - a +0 robe (worn)
 d - a +0 cloak (worn)
Wands
 n - a wand of digging (13)
Scrolls
 m - a scroll of blinking
 o - a scroll of amnesia {unknown}
Potions
 h - a potion of curing
 i - a potion of heal wounds
 k - 2 potions of magic
 l - a potion of berserk rage
Comestibles
 g - 2 rations


   Skills:
 + Level 7.0 Fighting
 + Level 5.9 Short Blades
 + Level 10.4 Throwing
 + Level 2.6 Dodging
 + Level 19.5 Stealth


You had 8 spell levels left.
You didn't know any spells.
Your spell library was empty.

Dungeon Overview and Level Annotations

Branches:
Dungeon (1/1)

Altars:
Cheibriados
Dithmenos
Elyvilon
Fedhas
Gozag
Hepliaklqana
Kikubaaqudgha
Makhleb
Nemelex Xobeh
Okawaru
Qazlal
Ru
Sif Muna
Trog
Uskayaw
Vehumet
Wu Jian
Xom
Yredelemnul
Zin
The Shining One
Jiyva
Lugonu

Shops:
D [=[


Innate Abilities, Weirdness & Mutations

You have razor-sharp teeth.
Your natural rate of healing is unusually fast.
When hurt, damage is shared between your health and your magic reserves.
Your bite disrupts and absorbs the magic of your enemies.
Potions cannot restore your health.
You are immune to rotting.
You are partially covered in large bone plates. (SH +4)
You are mostly covered in slimy green scales. (AC +3)
You are somewhat resistant to further mutation.
You passively map a small area around you.
Your body has grown golden eyes which may confuse attackers. (Acc +3)
Armour fits poorly on your pseudopods.


Message History

Firing (i - inventory. (/) - cycle)
f - 4 curare-tipped needles (quivered)
Press: ? - help, Shift-Dir - straight line, f - demonic crawler
Aim: a demonic crawler (moderately wounded, clinging)
You shoot a curare-tipped needle.
The curare-tipped needle hits the demonic crawler.
The demonic crawler is moderately wounded.
The demonic crawler hits you!
* * * LOW HITPOINT WARNING * * *
The demonic crawler misses you. The demonic crawler hits you.
* * * LOW HITPOINT WARNING * * *
The demonic crawler hits you.
* * * LOW HITPOINT WARNING * * *
The demonic crawler barely misses you. x2
Jiyva's power touches on your attributes.
You feel agile.
You feel weaker.
You feel yourself speed up. The demonic crawler hits you.
* * * LOW HITPOINT WARNING * * *
The demonic crawler hits you.
You die...

#..####$$#...#.####§.#####†.+
#).#__####..##.#≈≈§§§#.§##+##
#..#_____##'#_.'≈≈≈.§.§§#
#⌠⌠#_.∩...'..._#§§§§J#..# ,
####_..__##_.#'##§#####'###
,, #_____###(#.#§...###.'$# ,
############.####'###.###$#
#∩..........ss........∩# §#,
###.G..####..@########## # +
,.G... ###.### , * .....
#$#'#$# , #..#... #$...$#,,
#.,.G.., #.....# * # .G.G#
####### ..... ∆∆∆∆ ,, , , ∆∆∆
, , * ,, ,


You could see 2 demonic crawlers.

Vanquished Creatures
  A centaur warrior (D)
  Sonja (D)
  An oklob plant (D)
  2 kobold demonologists (D)
  2 demonic crawlers (D)
  Sigmund (D)
  A yak (D)
  An ogre (D)
  Ijyb (D)
  A ballistomycete (D)
  A ballistomycete spore (D)
13 creatures vanquished.

Vanquished Creatures (others)
  A centaur warrior (D)
  A deep troll (D)
  6 shining eyes (D)
  A hornet (D)
  3 floating eyes (D)
  16 jellies (D)
  A ballistomycete spore (D)
29 creatures vanquished.

Grand Total: 42 creatures vanquished

Notes
Turn   | Place    | Note
-------+----------+-------------------------------------------
     0 | D        | Freyura the Vine Stalker Assassin began the quest for the Orb.
     0 | D        | Reached XP level 1. HP: 11/11 MP: 2/2
     2 | D        | Noticed Ijyb
    24 | D        | Killed Ijyb
    24 | D        | Reached skill level 7 in Stealth
    24 | D        | Reached XP level 2. HP: 5/16 MP: 1/3
    24 | D        | Reached XP level 3. HP: 6/19 MP: 1/4
   237 | D        | Noticed an ogre
   248 | D        | Killed an ogre
   248 | D        | Reached skill level 1 in Dodging
   248 | D        | Reached skill level 10 in Stealth
   248 | D        | Gained mutation: Your natural rate of healing is unusually fast. [Vine Stalker growth]
   248 | D        | Reached XP level 4. HP: 24/24 MP: 5/5
   248 | D        | Reached XP level 5. HP: 28/28 MP: 6/6
   265 | D        | Noticed Sigmund
   287 | D        | Killed Sigmund
   287 | D        | Reached skill level 5 in Throwing
   287 | D        | Reached skill level 12 in Stealth
   287 | D        | Reached XP level 6. HP: 7/33 MP: 1/7
   364 | D        | Found a burning altar of Makhleb.
   364 | D        | Found a viscous altar of Jiyva.
   364 | D        | Found a shimmering altar of Xom.
   364 | D        | Found a corrupted altar of Lugonu.
   364 | D        | Noticed a slime creature
   367 | D        | Became a worshipper of Jiyva Jotink the Shapeless
   370 | D        | Found an ornate altar of the Wu Jian Council.
   370 | D        | Found a deep blue altar of Sif Muna.
   372 | D        | Found a radiant altar of Vehumet.
   382 | D        | Found Peprish's Jewellery Emporium.
   382 | D        | Found an ancient bone altar of Kikubaaqudgha.
   382 | D        | Found a hazy altar of Hepliaklqana.
   382 | D        | Found a stormy altar of Qazlal.
   382 | D        | Found a hide-covered altar of Uskayaw.
   382 | D        | Found a blossoming altar of Fedhas.
   382 | D        | Found a bloodstained altar of Trog.
   382 | D        | Found an iron altar of Okawaru.
   382 | D        | Found a basalt altar of Yredelemnul.
   382 | D        | Found a glowing golden altar of the Shining One.
   382 | D        | Found a snail-covered altar of Cheibriados.
   382 | D        | Found a sacrificial altar of Ru.
   382 | D        | Found a glowing silver altar of Zin.
   382 | D        | Found a shadowy altar of Dithmenos.
   382 | D        | Found a white marble altar of Elyvilon.
   382 | D        | Noticed a yak
   384 | D        | Reached * piety under Jiyva
   385 | D        | Found an opulent altar of Gozag.
   386 | D        | Killed a yak
   386 | D        | Reached skill level 13 in Stealth
   387 | D        | Found a sparkling altar of Nemelex Xobeh.
   388 | D        | Reached ** piety under Jiyva
   411 | D        | Reached *** piety under Jiyva
   412 | D        | Gained mutation: You have a small jelly attached to you that may absorb incoming projectiles. [Jiyva's grace]
   413 | D        | Reached **** piety under Jiyva
   413 | D        | Gained mutation: You have supernaturally acute eyesight. (SInv) [Jiyva's grace]
   413 | D        | Reached ***** piety under Jiyva
   415 | D        | Lost mutation: You have a small jelly attached to you that may absorb incoming projectiles. [Jiyva's grace]
   417 | D        | Noticed Sonja
   417 | D        | Gained mutation: You have a small jelly attached to you that senses nearby items. [Jiyva's grace]
   417 | D        | Reached ****** piety under Jiyva
   418 | D        | Lost mutation: You have supernaturally acute eyesight. (SInv) [Jiyva's grace]
   420 | D        | Noticed a deep troll
   420 | D        | Gained mutation: You are robust. (+10% HP) [Jiyva's grace]
   422 | D        | Killed Sonja
   422 | D        | Reached skill level 5 in Fighting
   422 | D        | Reached skill level 16 in Stealth
   422 | D        | Reached XP level 7. HP: 42/42 MP: 8/8
   422 | D        | Gained mutation: You have razor-sharp teeth. [Vine Stalker growth]
   422 | D        | Reached XP level 8. HP: 48/48 MP: 9/9
   423 | D        | Gained mutation: You are very robust. (+20% HP) [Jiyva's grace]
   424 | D        | Gained mutation: Your magical capacity is low. (-10% MP) [Jiyva's grace]
   426 | D        | Lost mutation: Your magical capacity is low. (-10% MP) [Jiyva's grace]
   428 | D        | Lost mutation: You have a small jelly attached to you that senses nearby items. [Jiyva's grace]
   431 | D        | Lost mutation: You are very robust. (+20% HP) [Jiyva's grace]
   433 | D        | Gained mutation: You are covered in slimy tendrils that may disarm your opponents. [Jiyva's grace]
   433 | D        | Gained mutation: Your spells are a little harder to cast, but a little more powerful. [Jiyva's grace]
   434 | D        | Lost mutation: Your spells are a little harder to cast, but a little more powerful. [Jiyva's grace]
   435 | D        | Killed a deep troll
   436 | D        | Lost mutation: You are covered in slimy tendrils that may disarm your opponents. [Jiyva's grace]
   438 | D        | Lost mutation: You are robust. (+10% HP) [Jiyva's grace]
   440 | D        | Gained mutation: You are resistant to hostile enchantments. (MR+) [Jiyva's grace]
   441 | D        | Gained mutation: You are partially covered in slimy green scales. (AC +2) [Jiyva's grace]
   446 | D        | Gained mutation: Your body has grown golden eyes which may confuse attackers. (Acc +3) [Jiyva's grace]
   449 | D        | Gained mutation: You have a small jelly attached to you that senses nearby items. [Jiyva's grace]
   451 | D        | Lost mutation: You are resistant to hostile enchantments. (MR+) [Jiyva's grace]
   452 | D        | Gained mutation: You expend magic power (3 MP) to strengthen your wands. [Jiyva's grace]
   453 | D        | Gained mutation: Armour fits poorly on your pseudopods. [Jiyva's grace]
   454 | D        | Lost mutation: You expend magic power (3 MP) to strengthen your wands. [Jiyva's grace]
   455 | D        | Gained mutation: You tend to lose your temper in combat. [Jiyva's grace]
   459 | D        | Gained mutation: Your spells are a little harder to cast, but a little more powerful. [Jiyva's grace]
   463 | D        | Lost mutation: Your spells are a little harder to cast, but a little more powerful. [Jiyva's grace]
   466 | D        | Found Saply's Armour Emporium.
   475 | D        | Lost mutation: You tend to lose your temper in combat. [Jiyva's grace]
   490 | D        | Found Hoogh's Antique Armour Boutique.
   490 | D        | Noticed a shining eye
   490 | D        | Lost mutation: You have a small jelly attached to you that senses nearby items. [Jiyva's grace]
   491 | D        | Noticed a shining eye
   491 | D        | Noticed a shining eye
   492 | D        | Gained mutation: You are partially covered in large bone plates. (SH +4) [Jiyva's grace]
   513 | D        | Noticed a centaur warrior
   527 | D        | Killed a centaur warrior
   527 | D        | Reached skill level 5 in Short Blades
   527 | D        | Reached skill level 17 in Stealth
   534 | D        | Gained mutation: Your flesh is heat resistant. (rF+) [Jiyva's grace]
   534 | D        | Gained mutation: Your muscles are strong. (Str +2) [Jiyva's grace]
   548 | D        | Gained mutation: You passively map a small area around you. [Jiyva's grace]
   555 | D        | Killed a hornet
   572 | D        | Lost mutation: Your muscles are strong. (Str +2) [Jiyva's grace]
   573 | D        | Killed a shining eye
   579 | D        | Killed a shining eye
   589 | D        | Killed a centaur warrior
   597 | D        | Lost mutation: Your flesh is heat resistant. (rF+) [Jiyva's grace]
   610 | D        | Killed a shining eye
   614 | D        | Killed a shining eye
   633 | D        | Killed a shining eye
   652 | D        | Noticed an oklob plant
   654 | D        | Killed an oklob plant
   654 | D        | Reached skill level 18 in Stealth
   654 | D        | Reached XP level 9. HP: 48/48 MP: 10/10
   660 | D        | Killed a shining eye
   682 | D        | Noticed a kobold demonologist
   683 | D        | Noticed a kobold demonologist
   686 | D        | Killed a kobold demonologist
   687 | D        | Gained mutation: You are somewhat resistant to further mutation. [Jiyva's grace]
   689 | D        | Killed a kobold demonologist
   689 | D        | Reached skill level 10 in Throwing
   692 | D        | Gained mutation: You are mostly covered in slimy green scales. (AC +3) [Jiyva's grace]
   693 | D        | Noticed a demonic crawler
   693 | D        | Noticed a demonic crawler
   693 | D        | Noticed a demonic crawler
   693 | D        | Noticed a demonic crawler
   694 | D        | Killed a demonic crawler
   694 | D        | Reached skill level 19 in Stealth
   695 | D        | Killed a demonic crawler
   727 | D        | HP: 1/50 [demonic crawler (4)]
   727 | D        | Slain by a demonic crawler

Skill      XL: |  1  2  3  4  5  6  7  8  9 |
---------------+----------------------------+-----
Fighting       | 2 3 4 5 6 7 |  7.0
Short Blades   | 2 3 4 5 |  5.9
Throwing       | 2 4 5 8 9 10 | 10.4
Stealth        | 7 10 12 16 18 19 | 19.5
Dodging        | 1 2 |  2.6

Action                   |  1- 3 |  4- 6 |  7- 9 || total
-------------------------+-------+-------+-------++-------
Melee: Blowgun           |       |     4 |       ||     4
       Bite              |       |     2 |     7 ||     9
       Dagger            |       |     3 |    20 ||    23
       Pseudopods        |       |       |     3 ||     3
 Fire: Blowgun           |    10 |     1 |     5 ||    16
  Use: Potion            |       |       |     1 ||     1
 Stab: Sleeping          |       |     2 |     6 ||     8
Armor: Robe              |     3 |       |     6 ||     9
Dodge: Dodged            |     3 |     1 |    18 ||    22
Block: Other             |       |       |     3 ||     3
